Map: Altitude LE

Players

A.I. 1 (Very Hard)

  • Race: Protoss Protoss
  • Spawn Location: 1:00

elCLAPitan - Winner!

  • Race: Protoss Protoss
  • League: Platinum
  • Spawn Location: 7:00

VOD

Have the link to the VOD?

Description

Time

  • Played on: Feb. 28, 2023, 6:16 p.m.
  • Length: 8:41
Show
View Real Time Build Order
Export as new Build Order

A.I. 1 (Very Hard) Protoss 

Build Orders: Blink Stalkers, Zealot Archon 

Get SALT Encoding   

  12  0:00  Probe  
  13  0:13  Probe  
  14  0:20  Pylon  
  14  0:25  Probe  
  15  0:35  Probe  
  16  0:43  Probe  
  16  0:48  Assimilator  
  17  0:51  Gateway  
  17  0:52  Probe  
  18  0:59  Pylon  
  18  1:00  Probe  
  18  1:08  Probe  
  20  1:19  Probe  
  21  1:33  Assimilator  
  21  1:35  Probe  
  22  1:40  Zealot  
  22  1:42  Cybernetics Core  
  24  1:47  Probe  
  25  1:59  Probe  
  26  2:05  Pylon  
  26  2:11  Probe  
  27  2:17  Stalker  
  27  2:18  Warp Gate  
  29  2:22  Twilight Council  
  29  2:30  Gateway  
  29  2:31  Probe  
  30  2:43  Probe  
  31  2:45  Stalker  
  31  2:49  Blink  
  33  3:02  Gateway  
  33  3:07  Stalker  
  35  3:20  Pylon  
  35  3:21  Stalker  
  35  3:25  Probe  
  38  3:37  Stalker  
  38  3:38  Probe  
  41  3:49  Stalker  
  41  3:51  Stalker  
  45  3:59  Pylon  
  45  4:13  Pylon  
  45  4:15  Stalker  
  47  4:27  Templar Archives  
  47  4:34  Stalker  
  49  4:43  Zealot  
  51  5:03  High Templar  
  53  5:28  Nexus  
  53  5:29  High Templar  
  53  5:33  Adept, Zealot  
  53  5:35  Archon  
  59  5:38  Pylon  
  59  6:01  High Templar  
  61  6:29  High Templar  
  63  6:37  Forge  
  63  6:41  Probe x2  
  65  6:48  Sentry  
  65  6:52  Adept  
  65  6:53  Probe, Assimilator  
  71  6:54  Probe  
  71  6:55  Assimilator  
  71  6:59  Archon  
  71  7:05  Probe  
  71  7:06  Probe, Zealot  
  73  7:08  Zealot  
  73  7:09  Forge  
  73  7:11  Zealot  
  73  7:14  Pylon  
  73  7:16  Probe  
  73  7:18  Probe  
  57  7:24  Probe  
  57  7:26  Zealot  
  57  7:28  Zealot  
  54  7:30  Probe  
  54  7:31  High Templar  
  54  7:32  Probe  
  54  7:44  Probe  
  54  7:46  Zealot  
  54  7:47  Adept  
  41  7:56  Probe  
  42  8:01  Stalker  
  42  8:03  High Templar  
  34  8:08  Probe  
  34  8:11  Zealot  
  25  8:20  Probe  
  25  8:22  High Templar  
  19  8:35  Zealot  
Show
View Real Time Build Order
Export as new Build Order

elCLAPitan Protoss - Winner!

Build Orders: 1 Gate Expand, Zealot Archon 

Get SALT Encoding   

  12  0:00  Probe  
  13  0:13  Pylon  
  13  0:17  Probe  
  14  0:31  Gateway  
  14  0:34  Probe (Chrono Boost)  
  15  0:44  Probe (Chrono Boost)  
  15  0:48  Assimilator  
  15  0:49  Probe (Chrono Boost)  
  17  1:01  Probe  
  18  1:19  Nexus  
  18  1:31  Cybernetics Core  
  18  1:33  Probe  
  19  1:43  Assimilator  
  19  1:46  Pylon  
  19  1:49  Probe  
  20  2:01  Probe  
  20  2:04  Stalker (Chrono Boost)  
  23  2:09  Warp Gate  
  23  2:13  Probe  
  24  2:25  Probe  
  24  2:27  Stalker  
  24  2:28  Shield Battery  
  27  2:31  Probe  
  28  2:37  Probe  
  29  2:44  Gateway  
  29  2:47  Probe  
  29  2:50  Probe  
  31  2:57  Sentry  
  33  3:01  Gateway  
  33  3:07  Pylon  
  33  3:08  Probe  
  33  3:11  Probe  
  35  3:19  Robotics Facility  
  35  3:21  Probe  
  35  3:23  Probe  
  37  3:34  Probe, Twilight Council  
  37  3:36  Probe  
  39  3:42  Assimilator  
  39  3:46  Probe  
  39  3:48  Probe  
  41  3:57  Stalker  
  41  3:59  Stalker, Probe  
  41  4:00  Probe  
  47  4:05  Pylon  
  47  4:09  Charge  
  47  4:11  Probe  
  47  4:16  Pylon  
  48  4:18  Probe  
  48  4:20  Immortal (Chrono Boost)  
  53  4:27  Probe  
  54  4:42  Gateway  
  54  4:44  Gateway  
  54  4:46  Gateway  
  54  4:49  Immortal (Chrono Boost)  
  58  4:57  Pylon  
  58  5:04  Probe  
  58  5:05  Probe  
  60  5:15  Gateway  
  60  5:16  Gateway  
  60  5:19  Gateway  
  60  5:22  Templar Archives  
  60  5:28  Zealot x2  
  60  5:29  Assimilator  
  60  5:30  Zealot  
  66  5:37  Probe  
  66  5:40  Warp Prism (Chrono Boost), Pylon  
  69  5:59  Probe x2  
  69  6:03  Pylon  
  71  6:30  High Templar x3  
  71  6:31  High Templar x3  
  83  6:34  Zealot x3  
  83  6:36  Archon x2  
  83  6:37  Archon  
  89  6:43  Probe x2  
  91  6:59  Forge  
  91  7:00  Nexus  
  91  7:02  Forge  
  91  7:03  Pylon, Zealot  
  91  7:05  Pylon  
  91  7:08  Pylon  
  91  7:14  Zealot x3  
  91  7:15  Zealot  
  81  7:38  Zealot x3  
  81  7:39  Zealot x6  
  95  8:18  Zealot x8  
  95  8:19  Zealot  
  113  8:26  Probe x3 (Chrono Boost)  
Tags
 
Add a new tag
Caveats
  • Supply blocks, unpowered buildings, or Contaminate may cause inaccurate times.
  • Supply counts are checked every 10 seconds.